AoeStats
← tyco170

Fortress

510218556Analyzed
4v4 RM · 2d ago on Sep 30, 2026· 67m 38s· 8 players
Game mode
Random Map
Map size
Huge
Population
200
Speed
Normal
Resources
Standard
Victory
Conquest
Starting age
Dark Age
Ending age
Imperial Age
RankedLock teamsTeams togetherTeam positionsShared explorationLock speedFull tech treeHidden civsTurbo modeCheats
Victory
Defeat
🇨🇴 Spanish · Colombia
1057
+17
🇨🇦 Khmer · Canada
1043
+17
🇵🇪 Burgundians · Peru
1040
+17
🇺🇸 Franks · United States
1011
+19
🇺🇸 Varangians · United States
1123
-20
🇺🇸 Mongols · United States
1113
-19
🇨🇦 Mongols · Canada
1074
-18
🇺🇸 Persians · United States
972
-13
tyco170
7:49 Feudal Age
12:02 Castle Age
10:07 Gold Mining
10:06 Double-Bit Axe
11:01 Horse Collar
11:32 Stone Mining
12:42 Heavy Plow
13:14 Bow Saw
17:10 Wheelbarrow
16:20 Loom
18:10 Hand Cart
18:09 Town Watch
18:51 Fletching
21:02 Tusk Swords
22:14 Gold Shaft Mining
23:56 Bloodlines
24:15 Bodkin Arrow
24:52 Husbandry
25:55 Stone Shaft Mining
25:50 Scale Barding Armor
26:47 Town Patrol
27:24 Forging
28:18 Ballistics
29:43 Chain Barding Armor
29:59 Iron Casting
29:37 Fortified Wall
29:38 Masonry
29:46 Guard Tower
30:27 Pikeman
30:53 Arson
32:25 Padded Archer Armor
32:25 Scale Mail Armor
36:18 Imperial Age
35:33 Light Cavalry
37:11 Leather Archer Armor
37:11 Chain Mail Armor
36:54 Elite Ballista Elephant
37:58 Conscription
40:06 Double Crossbow
42:00 Siege Engineers
43:05 Chemistry
43:22 Bracer
43:52 Ring Archer Armor
43:58 Plate Barding Armor
43:31 Halberdier
48:11 Blast Furnace
47:21 Hussar
50:42 Hoardings
50:49 Elite Skirmisher
53:26 Caravan
55:12 Keep
55:08 Architecture
54:34 Murder Holes
62:22 Elite Battle Elephant
63:56 Crop Rotation
aegilello
9:04 Feudal Age
14:07 Castle Age
13:30 Wheelbarrow
12:41 Loom
12:58 Double-Bit Axe
19:42 Stone Mining
19:47 Gold Mining
22:04 Bow Saw
26:18 Imperial Age
25:28 Hand Cart
25:43 Town Watch
28:14 Cavalier
28:57 Husbandry
29:39 Paladin
30:14 Treadmill Crane
30:30 Murder Holes
30:58 Ballistics
30:49 Fortified Wall
31:41 Chemistry
31:29 Gold Shaft Mining
31:19 Conscription
31:35 Hoardings
30:27 Pikeman
31:08 Squires
30:54 Arson
31:24 Forging
31:20 Scale Barding Armor
31:23 Scale Mail Armor
31:38 Halberdier
32:56 Iron Casting
37:09 Blast Furnace
36:25 Chain Mail Armor
36:31 Chain Barding Armor
36:56 Siege Engineers
37:02 Masonry
46:56 Plate Mail Armor
47:02 Plate Barding Armor
58:58 Caravan
63:18 Light Cavalry
RSpartan18
2:21 Double-Bit Axe
8:15 Feudal Age
12:40 Castle Age
11:35 Bow Saw
13:15 Wheelbarrow
14:59 Hand Cart
14:45 Loom
17:14 Horse Collar
19:35 Gold Mining
20:58 Gold Shaft Mining
21:24 Forging
21:35 Husbandry
21:36 Cavalier
23:58 Iron Casting
25:10 Scale Barding Armor
30:32 Imperial Age
30:24 Heavy Plow
30:49 Chain Barding Armor
30:52 Capped Ram
31:01 Paladin
33:17 Blast Furnace
36:52 Fletching
37:02 Padded Archer Armor
37:03 Scale Mail Armor
36:38 Elite Skirmisher
40:29 Bodkin Arrow
40:50 Leather Archer Armor
41:39 Chemistry
40:59 Ballistics
42:29 Bracer
48:05 Burgundian Vineyards
48:26 Pikeman
49:06 Squires
48:27 Man-at-Arms
53:45 Two-Man Saw
53:40 Arson
58:48 Chain Mail Armor
66:52 Caravan
67:23 Coinage
Zombie
9:16 Feudal Age
9:17 Loom
14:27 Castle Age
12:21 Double-Bit Axe
13:53 Horse Collar
15:31 Bow Saw
22:32 Heavy Plow
27:00 Wheelbarrow
31:40 Imperial Age
29:21 Scale Mail Armor
29:40 Fletching
30:38 Elite Skirmisher
31:36 Bodkin Arrow
32:16 Padded Archer Armor
32:51 Bracer
33:12 Conscription
33:08 Thumb Ring
35:06 Leather Archer Armor
35:54 Chemistry
37:05 Ring Archer Armor
40:47 Hand Cart
44:04 Two-Man Saw
44:52 Gold Mining
47:27 Caravan
48:19 Scale Mail Armor
48:32 Stone Mining
55:23 Chain Mail Armor
59:18 Plate Mail Armor
65:17 Forging
66:22 Stone Shaft Mining
Darth MBAG
7:16 Feudal Age
7:11 Loom
12:19 Castle Age
10:28 Double-Bit Axe
10:52 Horse Collar
12:31 Gold Mining
20:39 Wheelbarrow
21:28 Town Watch
25:55 Imperial Age
23:46 Bloodlines
23:52 Squires
23:38 Gambesons
23:39 Arson
23:58 Stone Mining
25:20 Forging
25:11 Scale Mail Armor
26:03 Bow Saw
26:01 Heavy Plow
26:09 Scale Barding Armor
27:11 Conscription
27:00 Husbandry
30:25 Hand Cart
32:11 Elite Varangian Guard
36:47 Gothikon
39:04 Town Patrol
45:13 Cavalier
48:14 Man-at-Arms
48:16 Pikeman
50:49 Iron Casting
50:53 Chain Barding Armor
50:49 Chain Mail Armor
50:19 Long Swordsman
52:47 Light Cavalry
55:23 Two-Handed Swordsman
CAS MBAG
7:36 Feudal Age
7:12 Loom
12:07 Castle Age
10:24 Double-Bit Axe
10:56 Horse Collar
14:40 Bow Saw
15:42 Heavy Plow
19:36 Wheelbarrow
24:45 Imperial Age
23:17 Fletching
23:59 Gold Mining
24:14 Bodkin Arrow
25:17 Husbandry
25:47 Bracer
27:54 Padded Archer Armor
29:35 Chemistry
28:56 Ballistics
29:39 Elite Mangudai
32:15 Leather Archer Armor
46:53 Forging
47:40 Squires
47:00 Pikeman
49:07 Iron Casting
48:39 Scale Mail Armor
52:27 Arson
54:54 Chain Mail Armor
55:39 Blast Furnace
56:19 Drill
59:29 Thumb Ring
60:20 Parthian Tactics
iTz bjonny88
8:39 Feudal Age
8:59 Double-Bit Axe
8:58 Horse Collar
12:08 Wheelbarrow
14:53 Castle Age
12:43 Loom
12:57 Gold Mining
13:32 Scale Barding Armor
14:47 Forging
15:54 Bow Saw
16:02 Bloodlines
15:52 Husbandry
19:50 Heavy Plow
30:57 Imperial Age
29:01 Squires
28:47 Arson
28:31 Pikeman
32:46 Two-Man Saw
32:05 Hand Cart
32:20 Conscription
32:01 Kamandaran
35:06 Chain Barding Armor
35:09 Crossbowman
37:02 Hand Cart
37:26 Parthian Tactics
38:44 Chemistry
41:10 Caravan
42:30 Guilds
42:51 Coinage
46:20 Cavalier
[MAD1] killmeifyoucan
8:06 Feudal Age
10:12 Double-Bit Axe
12:42 Castle Age
13:23 Wheelbarrow
12:42 Fletching
12:53 Padded Archer Armor
13:57 Loom
16:05 Bow Saw
15:49 Gold Mining
21:50 Bodkin Arrow
23:33 Bloodlines
24:06 Nomads
25:01 Thumb Ring
25:50 Caravan
26:54 Hand Cart
26:24 Town Watch
30:14 Gold Shaft Mining
29:30 Stone Mining
32:12 Imperial Age
31:17 Padded Archer Armor
31:49 Forging
31:45 Scale Barding Armor
33:11 Leather Archer Armor
33:29 Conscription
34:05 Hoardings
34:07 Ballistics
35:22 Parthian Tactics
35:03 Bracer
36:06 Chemistry
35:12 Siege Engineers
35:18 Masonry
35:19 Fortified Wall
35:54 Husbandry
36:35 Elite Mangudai
41:21 Iron Casting
40:08 Light Cavalry
43:29 Hussar
48:48 Drill
50:31 Blast Furnace
54:10 Capped Ram
57:01 Heavy Camel Rider
58:11 Heavy Scorpion
61:57 Murder Holes
Connection lost

Rejoining the realm…

Still unreachable

The connection could not be restored.

Session expired

The server has moved on; the page needs a fresh start.